Map: Deathaura LE

Players

Linksroyal

  • Race: Terran Terran
  • League: Gold
  • Spawn Location: 11:00

rottenorange - Winner!

  • Race: Zerg Zerg
  • League: Silver
  • Spawn Location: 5:00

VOD

Have the link to the VOD?

Description

Time

  • Played on: Oct. 10, 2020, 12:33 p.m.
  • Length: 20:05
Show
View Real Time Build Order
Export as new Build Order

Linksroyal Terran 

Build Orders:  

Get SALT Encoding   

  12  0:01  SCV  
  13  0:15  Supply Depot  
  13  0:16  SCV  
  14  0:28  SCV  
  15  0:40  Barracks  
  15  0:41  SCV  
  16  0:50  Supply Depot  
  16  0:53  SCV  
  17  0:59  Refinery  
  17  1:09  SCV  
  18  1:16  Refinery  
  18  1:24  Refinery  
  18  1:26  Supply Depot  
  18  1:27  SCV  
  19  1:38  Engineering Bay  
  19  1:41  Marine  
  19  1:44  SCV  
  21  2:09  Orbital Command  
  21  2:15  Marine  
  22  2:35  Factory  
  22  2:46  Marine  
  22  2:53  Command Center  
  22  3:07  Marine  
  22  3:10  SCV  
  24  3:14  Supply Depot  
  24  3:19  Factory Tech Lab  
  24  3:22  Starport  
  24  3:31  Marine  
  25  3:35  SCV  
  26  3:42  Siege Tank  
  29  3:49  Marine  
  30  4:00  SCV  
  30  4:01  Fusion Core  
  31  4:05  Starport Tech Lab  
  31  4:07  Marine  
  32  4:14  Engineering Bay  
  32  4:25  Marine  
  32  4:30  Refinery  
  33  4:32  Widow Mine  
  35  4:53  Battlecruiser  
  41  5:00  SCV  
  41  5:02  SCV  
  41  5:06  Siege Tank  
  41  5:07  Marine  
  46  5:13  Supply Depot  
  47  5:15  SCV  
  48  5:27  SCV  
  49  5:35  Supply Depot  
  49  5:36  Marine  
  49  5:38  Planetary Fortress  
  49  5:41  Widow Mine  
  52  5:43  SCV  
  53  5:55  SCV  
  54  6:02  Widow Mine  
  51  6:48  Marine  
  51  7:06  Marine  
  38  7:24  Marine  
  39  7:41  Siege Tank  
  39  7:42  Marine  
  43  7:46  Armory  
  43  7:56  Barracks  
  43  7:57  Barracks  
  43  8:00  Marine  
  43  8:07  Banshee  
  46  8:17  Marine  
  42  8:30  Siege Tank  
  45  8:34  Armory  
  45  8:35  Marine  
  46  8:53  Marine  
  47  9:01  SCV  
  48  9:07  Marine x2  
  48  9:08  Thor  
  56  9:11  Marine  
  56  9:13  SCV  
  56  9:16  Factory  
  58  9:43  Marine  
  59  9:51  Barracks Tech Lab, Banshee  
  62  10:00  Marine  
  62  10:01  Factory  
  63  10:11  Marine x2  
  63  10:12  Refinery  
  59  10:18  Marine  
  57  10:25  Factory Tech Lab  
  57  10:29  Marine x2  
  59  10:36  Marine  
  60  10:44  Command Center  
  60  10:45  Stimpack  
  60  10:47  Marine x2, Refinery  
  62  10:50  Refinery  
  62  10:52  Command Center  
  62  10:53  Banshee  
  62  10:54  Marine  
  62  10:56  Factory Reactor  
  66  11:00  Refinery  
  66  11:03  SCV  
  67  11:04  Marine  
  67  11:05  Marine  
  67  11:09  Refinery  
  69  11:12  Marine  
  69  11:15  SCV  
  71  11:22  Marine x2, Terran Ship Weapons Level 1  
  71  11:24  Refinery  
  73  11:27  SCV  
  73  11:28  Cloaking Field  
  73  11:29  Marine  
  75  11:39  SCV  
  76  11:51  SCV  
  51  12:00  Marine x3  
  51  12:01  Siege Tank  
  40  12:29  Marine x2  
  39  12:30  Marine  
  39  12:47  Thor x2, Marine x3  
  52  13:05  Marine  
  47  13:28  SCV  
  47  13:30  Thor  
  54  13:36  Orbital Command  
  54  13:40  SCV  
  55  13:43  Barracks Reactor  
  55  13:47  Terran Ship Weapons Level 2  
  55  13:52  SCV  
  55  13:54  Barracks Reactor  
  56  14:00  SCV  
  57  14:04  SCV  
  57  14:06  Marine  
  59  14:17  SCV  
  59  14:41  SCV  
  59  14:42  Factory Tech Lab  
  59  14:45  SCV  
  61  14:53  SCV  
  61  14:57  SCV  
  61  14:59  Thor  
  63  15:02  Marine x5  
  63  15:07  Medivac  
  76  15:08  SCV  
  76  15:11  SCV  
  78  15:14  Widow Mine  
  78  15:18  Drilling Claws  
  78  15:20  Marine  
  81  15:21  SCV  
  82  15:29  SCV  
  83  15:36  Thor  
  83  15:41  SCV  
  90  15:53  SCV  
  90  15:55  Hellbat  
  90  15:56  Marine x3  
  90  15:57  Marine x2  
  98  16:07  Viking  
  100  16:14  Marine  
  100  16:18  Terran Ship Weapons Level 3  
  101  16:23  Supply Depot, Marine x4  
  105  16:25  SCV  
  105  16:31  SCV  
  107  16:43  SCV  
  79  16:55  SCV  
  76  17:04  Marine x3  
  76  17:05  Marine x2  
  81  17:12  SCV  
  82  17:16  Command Center  
  82  17:22  Marine x2  
  76  17:29  Widow Mine x2  
  81  17:43  Marine x2  
  83  17:50  Thor, Widow Mine  
  92  17:51  SCV  
  92  18:12  SCV  
  93  18:14  Marine x2  
  93  18:17  Widow Mine  
  97  18:30  Refinery, Planetary Fortress  
  40  19:10  SCV  
  40  19:15  Widow Mine x2  
  45  19:19  SCV  
  45  19:22  SCV  
  47  19:34  SCV  
Show
View Real Time Build Order
Export as new Build Order

rottenorange Zerg - Winner!

Build Orders: Hatch First 

Get SALT Encoding   

  12  0:00  Drone  
  13  0:11  Drone  
  14  0:21  Overlord  
  14  0:40  Drone x3  
  17  0:53  Hatchery  
  16  1:00  Extractor  
  16  1:02  Drone  
  16  1:13  Spawning Pool  
  16  1:17  Drone  
  16  1:29  Drone x2  
  18  1:41  Drone  
  19  2:11  Queen  
  19  2:12  Queen  
  19  2:14  Zergling x4  
  25  2:18  Drone x3  
  28  2:27  Overlord  
  28  2:55  Overlord  
  28  2:57  Metabolic Boost  
  28  3:13  Queen  
  30  3:36  Drone x4  
  30  3:37  Drone x2  
  30  3:38  Overlord x3  
  30  3:39  Spine Crawler  
  35  3:41  Spine Crawler  
  35  3:42  Drone x2  
  36  4:10  Hatchery  
  36  4:12  Drone x8  
  43  4:20  Roach Warren  
  40  4:48  Lair  
  40  4:58  Drone x11  
  51  5:06  Extractor  
  50  5:09  Extractor  
  50  5:12  Extractor  
  48  5:19  Evolution Chamber  
  47  5:22  Evolution Chamber  
  47  5:24  Spore Crawler  
  47  5:26  Spine Crawler  
  44  5:30  Spine Crawler  
  44  5:33  Drone x3  
  44  5:34  Drone x2  
  44  5:35  Drone x4  
  52  5:36  Drone  
  52  5:37  Queen  
  55  5:48  Zerg Missile Weapons Level 1  
  55  5:50  Zerg Ground Armor Level 1  
  55  5:51  Roach  
  55  5:52  Roach x4  
  65  5:57  Overlord x2  
  65  5:58  Overseer  
  65  6:04  Spine Crawler  
  65  6:07  Spore Crawler  
  60  6:11  Spore Crawler  
  60  6:12  Spore Crawler  
  60  6:16  Queen  
  60  6:17  Queen  
  57  6:34  Roach  
  57  6:35  Roach x8  
  57  6:36  Roach  
  71  6:44  Roach x3  
  71  6:45  Roach  
  65  7:15  Roach x4  
  69  7:16  Roach x4  
  77  7:28  Spore Crawler, Drone  
  77  7:29  Queen  
  79  7:30  Queen  
  79  7:31  Spore Crawler, Queen  
  82  7:50  Overlord x5  
  82  7:56  Glial Reconstitution  
  82  8:13  Roach  
  82  8:14  Roach x8  
  100  8:26  Drone  
  101  8:27  Drone x7  
  96  9:23  Hydralisk Den  
  95  9:24  Queen  
  95  9:35  Zerg Missile Weapons Level 2  
  95  9:36  Tunneling Claws  
  95  9:37  Burrow  
  93  9:53  Hydralisk x6  
  75  10:15  Hydralisk  
  75  10:16  Hydralisk x3  
  83  10:27  Overseer  
  83  10:29  Overseer  
  83  10:49  Extractor  
  82  11:02  Hatchery  
  81  11:05  Hydralisk x6  
  81  11:10  Zergling x26  
  81  11:11  Zergling x20  
  116  11:13  Overlord  
  116  11:14  Overlord x2  
  116  11:29  Hatchery  
  115  11:35  Grooved Spines  
  84  12:05  Roach  
  84  12:06  Roach x9  
  104  12:26  Hydralisk  
  104  12:27  Hydralisk x6  
  118  12:35  Zerg Ground Armor Level 2  
  118  12:42  Drone x5  
  118  12:43  Queen  
  73  13:21  Roach  
  73  13:22  Roach x12  
  95  13:38  Queen  
  95  13:39  Hydralisk  
  95  13:40  Hydralisk x7  
  113  13:49  Drone x6  
  119  13:57  Drone x3, Extractor  
  121  14:09  Roach  
  123  14:10  Roach x8  
  103  14:45  Hydralisk  
  103  14:46  Hydralisk x9  
  103  14:52  Drone x9  
  132  14:53  Drone  
  133  15:10  Drone x2  
  133  15:12  Drone  
  136  15:14  Muscular Augments  
  136  15:15  Hydralisk  
  136  15:16  Hydralisk x3  
  144  15:44  Extractor  
  144  15:47  Extractor  
  142  15:54  Hydralisk  
  144  15:57  Overlord x3  
  144  15:58  Overlord x3  
  144  16:30  Hatchery  
  143  16:35  Hydralisk  
  143  16:36  Hydralisk x10  
  143  16:39  Roach x5  
  175  16:43  Overseer x2  
  131  17:01  Roach  
  131  17:02  Roach x10  
  153  17:29  Roach, Hydralisk x5  
  159  17:30  Hydralisk x2  
  169  17:41  Hatchery  
  168  17:54  Extractor  
  167  18:06  Hydralisk  
  167  18:07  Hydralisk x10  
  119  18:55  Hydralisk  
  119  18:56  Hydralisk x9  
  137  19:04  Roach x11  
  137  19:05  Roach x11  
  173  19:10  Queen  
  173  19:11  Queen  
  177  19:20  Drone x2  
  177  19:21  Drone x5  
Tags
 
Matchup
TvZ
Replay Pack
replays
Spawn Locations
Cross Positions
Add a new tag
Caveats
  • Supply blocks, unpowered buildings, or Contaminate may cause inaccurate times.
  • Supply counts are checked every 10 seconds.